 Dungeon Crawl Stone Soup version 0.28.0-53-g5a82cb258f (webtiles) character file.

Game seed: 5856387547448311866

54171 pkoi the Zephyrmancer (level 14, -5/114 HPs)
             Began as a Demigod Air Elementalist on May 31, 2022.
             Slain by a dream sheep (17 damage)
             ... on level 6 of the Lair of Beasts.
             The game lasted 00:47:06 (29392 turns).

pkoi the Zephyrmancer (Demigod Air Elementalist)   Turns: 29392, Time: 00:47:07

Health: -5/114     AC: 15    Str:  9    XL:     14   Next: 1%
Magic:  28/39      EV:  2    Int: 37    God:
Gold:   1174       SH:  0    Dex: 14    Spells: 12/28 levels left

rFire   + + .      SeeInvis .   H - +7 whip "Dapsutsa" {holy, rPois rF+ Int+4}
rCold   + . .      Faith    .   (no shield)
rNeg    . . .      Spirit   .   I - +3 troll leather armour {Snorg}
rPois   +          Reflect  +   y - +0 helmet
rElec   .          Harm     .   a - scarf {rC+ rF+}
rCorr   .          Rampage  .   t - +0 pair of gloves
Will    +....                   (no boots)
Stlth   ++........              M - amulet of reflection
HPRegen 1.09/turn               j - ring of magical power
MPRegen 0.26/turn               k - +4 ring of protection

@: sleeping, studying Armour
A: high MP 1, forlorn, divine attributes
a: no special abilities


You were on level 6 of the Lair of Beasts.
You visited 2 branches of the dungeon, and saw 17 of its levels.
You also visited: Ossuary and Bailey.

You collected 1174 gold pieces.

Inventory:

Hand Weapons
 i - the +12 spear of Cofa {drain, Fly rF- Str+2 Dex+2}
   (You found it in an ossuary)

   A truly terrible weapon, it drains the life of any living foe it strikes.
   Str:       It affects your strength (+2).
   Dex:       It affects your dexterity (+2).
   rF:        It makes you vulnerable to fire.
   Fly:       It grants you flight.
 r - the +8 rapier "Degrabilin" {venom, rF+ rN+}
   (You found it on level 11 of the Dungeon)

   It poisons the flesh of those it strikes.
   rF:        It protects you from fire.
   rN:        It protects you from negative energy.
 H - the +7 whip "Dapsutsa" (weapon) {holy, rPois rF+ Int+4}
   (You found it on level 3 of the Lair of Beasts)

   It has been blessed by the Shining One to cause great damage to the undead
   and demons.
   Int:       It affects your intelligence (+4).
   rF:        It protects you from fire.
   rPois:     It protects you from poison.
Missiles
 u - 5 throwing nets
Armour
 a - a scarf of resistance (worn)
 o - a +0 robe of the Archmagi
 t - a +0 pair of gloves (worn)
 v - the +1 ring mail of Fortitude {Rampage rF+ rC+ Dex+2}
   (You found it on level 4 of the Dungeon)

   Dex:       It affects your dexterity (+2).
   rF:        It protects you from fire.
   rC:        It protects you from cold.
   Rampage:   It bestows one free step when moving towards enemies.
 y - a +0 helmet (worn)
 I - a +3 troll leather armour (worn) {Snorg}
Jewellery
 j - a ring of magical power (left hand)
 k - a +4 ring of protection (right hand)
 p - a ring of ice
 q - a ring of resist corrosion
 M - an amulet of reflection (around neck)
Wands
 z - a wand of polymorph (13)
 C - a wand of paralysis (17)
 F - a wand of acid (3)
 G - a wand of flame (10)
Scrolls
 b - 2 scrolls of enchant weapon
 c - 9 scrolls of teleportation
 e - 2 scrolls of fog
 f - 4 scrolls of fear
 s - a scroll of identify
 x - a scroll of amnesia
 D - 4 scrolls of blinking
 E - a scroll of magic mapping
 J - a scroll of acquirement
Potions
 h - 6 potions of curing
 l - 4 potions of flight
 m - a potion of invisibility
 n - a potion of might
 K - 7 potions of ambrosia
 L - a potion of brilliance
 N - a potion of cancellation
 O - a potion of berserk rage


   Skills:
 + Level 7.9 Fighting
 + Level 8.2 Armour
 + Level 8.0 Dodging
 - Level 4.0 Stealth
 + Level 8.6 Unarmed Combat
 + Level 7.7 Spellcasting
 - Level 7.0 Conjurations
 + Level 3.1 Translocations
 + Level 12.5 Air Magic
 - Level 3.0 Evocations


You had 12 spell levels left.
You knew the following spells:

 Your Spells              Type           Power      Damage    Failure   Level
a - Shock                 Conj/Air       100%       1d9       1%          1
b - Static Discharge      Conj/Air       72%        N/A       1%          2
c - Airstrike             Air            41%        N/A       1%          4
d - Lightning Bolt        Conj/Air       36%        1d54      1%          5
e - Apportation           Tloc           76%        N/A       1%          1
q - Swiftness             Air            82%        N/A       1%          3

Your spell library contained the following spells:

 Spells                   Type           Power      Damage    Failure   Level
 Magic Dart               Conj           100%       1d8       1%          1
 Mephitic Cloud           Conj/Pois/Air  58%        N/A       1%          3
 Call Imp                 Summ           14%        N/A       5%          2
 Sublimation of Blood     Necr           14%        N/A       5%          2
 Wereblood                Tmut           14%        N/A       5%          2
 Frozen Ramparts          Ice            28%        1d4       11%         3
 Animate Dead             Necr           7%         N/A       34%         4
 Ice Form                 Ice/Tmut       14%        N/A       34%         4
 Summon Ice Beast         Ice/Summ       14%        N/A       34%         4
 Alistair's Intoxication  Tmut/Pois      9%         N/A       69%         5
 Borgnjor's Vile Clutch   Necr/Erth      7%         N/A       69%         5
 Maxwell's Capacitive Co  Air            41%        ∞         80%         8
 Death Channel            Necr           7%         N/A       99%         6
 Summon Hydra             Summ           7%         N/A       100%        7


Dungeon Overview and Level Annotations

Branches:
Dungeon (11/15)            Temple (0/1) D:5            Lair (6/6) D:10
 Shoals (0/4) Lair:4       Spider (0/4) Lair:2        Slime (0/5) Lair:5
    Orc (0/2) D:9         Ossuary (visited)          Bailey (visited)

Shops:
D:3 (   D:4 =   D:8 ?

Portals:
Abyss: D:4

Annotations:
Lair:3 Rupert
Lair:4 1 runed translucent door


Innate Abilities, Weirdness & Mutations

You have an increased reservoir of magic. (+10% MP)
You shall have no god before yourself.
Your divine heritage dramatically boosts your attributes as you level up.


Message History

The dream sheep is heavily wounded.
The lightning grounds out.
The dream sheep is struck by an arc of lightning!
The dream sheep is almost dead.
You are struck by an arc of lightning.
* * * LOW HITPOINT WARNING * * *
The lightning grounds out.
The dream sheep is struck by an arc of lightning.
You kill the dream sheep!
The dream sheep is struck by an arc of lightning.
The dream sheep is moderately wounded.
The dream sheep bleats!
The dream sheep shake their wool and sparkle.
You feel drowsy...
You fall asleep.
A dream sheep comes into view. x2
The dream sheep bites you.
You wake up.
* * * LOW HITPOINT WARNING * * *
The dream sheep bites you but does no damage.
The dream sheep shake their wool and sparkle.
You feel drowsy...
You fall asleep.
The dream sheep bleats!
The dream sheep bites you but does no damage.
The dream sheep barely misses you. The dream sheep completely misses you.
A dream sheep comes into view.
The dream sheep bites you but does no damage.
A dream sheep comes into view.
The dream sheep "Baaaas" balefully.
The dream sheep barely misses you. The dream sheep bites you!!
You wake up.
* * * LOW HITPOINT WARNING * * *
Unknown command.
Okay, then.
Unknown command.
The dream sheep barely misses you.
You are overwhelmed by glittering dream dust!
You feel drowsy...
You fall asleep.
The water moccasin bites you but does no damage.
The water moccasin completely misses you.
The dream sheep bites you!
You die...

# ####### ### ##
####..##.###.#####.#
.#.#..#..#.....#..#
.................# ...##
...#.....P#.#..#.# .....#
....P.....#####.### .....P
<........## ###..# ......
..........####.P@####......
....#..........YSY...[.....
.......#.......YY..............
.......##.P..........#####..P.#
.#....#.######...(....# ....#
##....### ##..Y..Y.# ...##
###..## ##...Y..# ....# ###..#
###†Y..###...[### ##..##
#†††###.P.....#


You could see a water moccasin and 8 dream sheep.

Vanquished Creatures
  A fire dragon (D:11)
  Snorg (Lair:3)
  Harold (Lair:1)
  2 boulder beetles
  5 hydras
  2 catoblepae
  Erica (D:11)
  12 death yaks
  2 two-headed ogres (D:10)
  Urug (Lair:5)
  A molten gargoyle (Lair:3)
  7 elephants
  9 cane toads
  7 komodo dragons
  4 rime drakes
  3 trolls (D:11)
  A queen bee (Lair:3)
  2 hornets (D:9)
  A polar bear (Lair:5)
  The ghost of Peedeoo7 the Ruffian, an amateur DrTm of Lugonu (D:4)
  A meliai zombie (D:11)
  11 dream sheep (Lair:6)
  3 blink frogs (Lair:1)
  3 shadows
  4 wyverns
  A wraith (D:11)
  31 yaks
  A redback (Lair:2)
  5 basilisks
  A steam dragon (D:7)
  A small abomination (D:4)
  9 water moccasins
  4 necrophages
  15 orc warriors
  A hornet zombie (D:9)
  3 black bears
  6 ogres
  18 centaurs
  2 kobold brigands
  2 elf zombies (Ossuary)
  15 bullfrogs
  A gnoll sergeant (D:9)
  A wyvern zombie (D:5)
  3 scorpions
  A water moccasin skeleton (D:6)
  39 killer bees
  3 electric eels (Lair:2)
  2 hounds
  A lava snake (Lair:3)
  A crimson imp (D:4)
  2 centaur zombies (D:8)
  A centaur skeleton (D:7)
  9 orc priests
  Jessica (D:3)
  An iguana (D:5)
  7 orc wizards
  A scorpion zombie (D:5)
  3 hound zombies (Ossuary)
  A hound skeleton (D:4)
  4 mummies (Ossuary)
  10 gnolls
  7 adders
  A shadow imp (D:7)
  3 white imps
  2 ufetubi (D:4)
  3 adder skeletons
  An adder zombie (Ossuary)
  3 dart slugs
  83 orcs
  5 bats
  4 endoplasms
  2 giant cockroaches (D:2)
  A gnoll zombie (Ossuary)
  7 goblins
  7 hobgoblins
  2 jackals (D:2)
  6 quokkas
  6 ball pythons
  4 frilled lizards
  A jackal zombie (Ossuary)
  12 kobolds
  An orc zombie (Ossuary)
  A rat (D:1)
  4 rat zombies
459 creatures vanquished.

Vanquished Creatures (others)
  37 fungi
  42 plants
79 creatures vanquished.

Grand Total: 538 creatures vanquished

Notes
Turn   | Place    | Note
-------+----------+-------------------------------------------
     0 | D:1      | pkoi the Demigod Air Elementalist began the quest for the
                  | Orb.
     0 | D:1      | Reached XP level 1. HP: 14/14 MP: 5/5
   182 | D:1      | Reached skill level 3 in Air Magic
   467 | D:1      | Reached XP level 2. HP: 20/20 MP: 5/7
  1551 | D:2      | Reached XP level 3. HP: 26/26 MP: 4/8
  1792 | D:2      | Reached skill level 1 in Armour
  1972 | D:3      | Noticed a scorpion
  1976 | D:3      | Found a transporter.
  1990 | D:3      | Found a transporter.
  1991 | D:3      | Noticed an ogre
  1998 | D:3      | Noticed Jessica
  2006 | D:3      | Killed Jessica
  2007 | D:3      | Reached skill level 4 in Air Magic
  2271 | D:3      | Learned a level 2 spell: Static Discharge
  2275 | D:3      | Learned a level 3 spell: Swiftness
  2368 | D:3      | Reached XP level 4. HP: 33/33 MP: 7/9
  2752 | D:3      | Noticed a bullfrog
  2768 | D:3      | Killed a bullfrog
  2769 | D:3      | Reached XP level 5. HP: 29/38 MP: 3/10
  3003 | D:3      | Found Mum Medgh's Antique Weapon Emporium.
  3295 | D:4      | Noticed a black bear
  3297 | D:4      | Noticed a necrophage
  3297 | D:4      | Noticed an ogre
  3309 | D:4      | Killed a black bear
  3310 | D:4      | Reached skill level 5 in Air Magic
  3344 | D:3      | Killed a necrophage
  3345 | D:3      | Reached XP level 6. HP: 44/45 MP: 2/11
  3450 | D:4      | Found Equin's Jewellery Shop.
  3450 | D:4      | Found a sand-covered staircase.
  3461 | Ossuary  | Entered an ossuary
  3527 | Ossuary  | Identified the +12 spear of Cofa {drain, Fly rF- Str+2
                  | Dex+2}
  3824 | Ossuary  | Reached skill level 6 in Air Magic
  3993 | D:4      | Reached XP level 7. HP: 50/50 MP: 13/13
  3998 | D:4      | Learned a level 4 spell: Airstrike
  4298 | D:4      | Reached skill level 7 in Air Magic
  4349 | D:4      | Found a transporter.
  4392 | D:4      | Noticed Peedeoo7's ghost (amateur DrTm)
  4464 | D:4      | Found a transporter.
  4704 | D:5      | Entered Level 5 of the Dungeon
  5178 | D:5      | Found a staircase to the Ecumenical Temple.
  6426 | D:6      | Reached skill level 8 in Air Magic
  6426 | D:6      | Reached XP level 8. HP: 57/57 MP: 14/14
  6556 | D:6      | Reached skill level 5 in Armour
  6948 | D:6      | Reached skill level 1 in Conjurations
  7491 | D:6      | Reached skill level 1 in Fighting
  8620 | D:7      | Reached XP level 9. HP: 60/67 MP: 7/16
  9576 | D:8      | Reached skill level 9 in Air Magic
  9709 | D:8      | Found Beaturr's Magic Scroll Shoppe.
 11670 | D:9      | Reached XP level 10. HP: 78/78 MP: 20/20
 11756 | D:9      | Found a staircase to the Orcish Mines.
 12458 | D:10     | Entered Level 10 of the Dungeon
 12466 | D:10     | Noticed a two-headed ogre
 12470 | D:10     | Killed a two-headed ogre
 12471 | D:10     | Reached skill level 5 in Dodging
 12662 | D:10     | Found a staircase to the Lair.
 12742 | D:10     | Found a flagged portal.
 12756 | Bailey   | Entered a bailey
 13012 | Bailey   | Reached skill level 5 in Spellcasting
 13153 | Bailey   | Reached skill level 5 in Conjurations
 13537 | Bailey   | Reached skill level 5 in Fighting
 14821 | D:10     | Noticed an elephant
 14845 | D:10     | Killed an elephant
 14846 | D:10     | Reached skill level 10 in Air Magic
 15160 | D:10     | Noticed a two-headed ogre
 15165 | D:10     | Killed a two-headed ogre
 15166 | D:10     | Reached XP level 11. HP: 88/88 MP: 12/23
 15573 | D:10     | Reached XP level 12. HP: 97/97 MP: 25/25
 16283 | D:11     | Noticed a boulder beetle
 16493 | D:11     | Noticed a fire dragon
 16536 | D:11     | Found a gate leading to a gauntlet.
 16562 | D:11     | Killed a boulder beetle
 16765 | D:11     | Learned a level 5 spell: Lightning Bolt
 16820 | D:11     | Identified the +8 rapier "Degrabilin" {venom, rF+ rN+}
 17049 | D:11     | Killed a fire dragon
 17171 | D:11     | Reached skill level 1 in Unarmed Combat
 17173 | D:11     | Noticed Erica
 17187 | D:11     | Killed Erica
 18275 | D:4      | Killed Peedeoo7's ghost
 18277 | D:4      | Found a one-way gate to the infinite horrors of the Abyss.
 18278 | D:4      | Identified the +1 ring mail of Fortitude {Rampage rF+ rC+
                  | Dex+2}
 18599 | Lair:1   | Entered Level 1 of the Lair of Beasts
 18721 | Lair:1   | Noticed Harold
 18738 | Lair:1   | Killed Harold
 18739 | Lair:1   | Reached skill level 11 in Air Magic
 19401 | Lair:1   | Noticed a four-headed hydra
 19579 | Lair:1   | Killed a four-headed hydra
 20535 | Lair:2   | Noticed a seven-headed hydra
 20539 | Lair:2   | Killed a seven-headed hydra
 20540 | Lair:2   | Reached skill level 5 in Unarmed Combat
 20927 | Lair:2   | Noticed a six-headed hydra
 20932 | Lair:2   | Killed a six-headed hydra
 21138 | Lair:2   | Noticed a catoblepas
 21396 | Lair:2   | Reached skill level 12 in Air Magic
 21601 | Lair:2   | Killed a catoblepas
 21837 | Lair:2   | Found a hole to the Spider Nest.
 21982 | Lair:3   | Identified the +7 whip "Dapsutsa" {holy, rPois rF+ Int+4}
 22062 | Lair:3   | Reached XP level 13. HP: 105/105 MP: 23/27
 22615 | Lair:3   | Noticed Snorg
 22621 | Lair:3   | Killed Snorg
 22812 | Lair:3   | Noticed Rupert
 24401 | Lair:4   | Found a runed translucent door.
 24861 | Lair:4   | Found a staircase to the Shoals.
 25137 | Lair:4   | Learned a level 1 spell: Apportation
 25877 | Lair:5   | Reached skill level 1 in Translocations
 26828 | Lair:5   | Identified a scroll of acquirement
 27284 | Lair:5   | Found a staircase to the Slime Pits.
 27409 | Lair:5   | Noticed Urug
 27451 | Lair:5   | Killed Urug
 27873 | Lair:6   | Entered Level 6 of the Lair of Beasts
 29380 | Lair:6   | Reached XP level 14. HP: 36/114 MP: 27/30
 29392 | Lair:6   | Slain by a dream sheep

Illustrated notes

Levels and vault maps discovered:
D:1:      sevenhm_arrival_forest_fort_large_2, layout_rooms,
          shapermc_ecumenical_altar_ellora
D:2:      layout_basic
D:3:      layout_basic, mainiacjoe_overflow_small_starburst,
          gammafunk_temple_overflow_arena, okawaru_ov_weapons_minmay,
          nzn_wu_jian_contemplation, serial_shops, shop, uniq_jessica
D:4:      layout_rooms, kennysheep_little_box, serial_shops, shop,
          gammafunk_ghost_abyssal_escape, enter_ossuary_3
D:5:      layout_loops_corners, minmay_temple_entry_mini_moons,
          chequers_serial_rivers_micro_b
D:6:      layout_basic, grunt_decor_resistance
D:7:      layout_loops_ring
D:8:      layout_rooms, nicolae_overflow_crystal_walls, serial_shops,
          nicolae_shop_temple_entry_statues_fountains
D:9:      layout_loops_corners, gammafunk_temple_overflow_pools,
          hiddenorc2_lemuel
D:10:     layout_layer_cave, mainiacjoe_overflow_24_doors, david_lair_generic,
          enter_bailey_2
D:11:     layout_layer_cave, gauntlet_entry_generic, serial_bayou_pond_a,
          uniq_erica
Lair:1:   layout_roguey, uniq_harold
Lair:2:   layout_chaotic_city, spider_nest_entry_rubble, serial_bayou_pond_c,
          disabler_island
Lair:3:   layout_gridlike, special_room [special_room_bee],
          serial_bayou_shore_b, grunt_megastairs_2, lemuel_fruit_tree,
          uniq_rupert, uniq_snorg
Lair:4:   dreamdust_labyrinth, layout_regular_city, shoals_dummy_entry
Lair:5:   layout_roguey, dpeg_slime_entry_enclosed_altar, beast_lair_carwin_2,
          uniq_urug
Lair:6:   hangedman_lair_in_review, layout_small_grid,
          gammafunk_ghost_berserking_beasts

Skill      XL: |  1  2  3  4  5  6  7  8  9 10 11 12 13 |
---------------+----------------------------------------+-----
Air Magic      | 3 4 5 6 8 9 10 12 | 12.5
Spellcasting   | 2 3 4 5 6 7 |  7.7
Armour         | 1 2 3 4 5 6 8 |  8.2
Conjurations   | 2 4 5 6 7 |  7.0
Dodging        | 3 4 6 7 8 |  8.0
Fighting       | 2 4 5 6 7 |  7.9
Stealth        | 3 4 |  4.0
Evocations     | 2 3 |  3.0
Unarmed Combat | 6 8 |  8.6
Translocations | 3 |  3.1

Action                   |  1- 3 |  4- 6 |  7- 9 | 10-12 | 13-15 || total
-------------------------+-------+-------+-------+-------+-------++-------
Melee: Club              |     2 |     4 |       |       |       ||     6
       Spear             |       |    45 |       |       |       ||    45
       Punch             |       |     1 |       |       |       ||     1
       Trident           |       |       |    36 |     2 |       ||    38
       Rapier            |       |       |       |    22 |       ||    22
       Whip              |       |       |       |       |     4 ||     4
 Cast: Shock             |    87 |    65 |   169 |   213 |    16 ||   550
       Airstrike         |       |       |    93 |   163 |   155 ||   411
       Static Discharge  |       |       |    23 |    77 |    24 ||   124
       Lightning Bolt    |       |       |       |     5 |    37 ||    42
  Use: Scroll            |       |     6 |     6 |     6 |     3 ||    21
       Potion            |       |       |       |     5 |       ||     5
 Stab: Distracted        |       |       |     1 |       |       ||     1
Armor: Troll leather arm |     4 |    31 |    33 |    54 |    52 ||   174
       Ring mail         |       |       |       |    17 |       ||    17
Dodge: Dodged            |     6 |    66 |    65 |   136 |    61 ||   334
Block: Other             |       |       |       |       |     9 ||     9
